 Dungeon Crawl Stone Soup version 0.30.0-5-g1a98f26d00 (webtiles) character file.

Game seed: 10664463611981810419

335 hawla the Firebug (level 7, -4/50 HPs)
             Began as a Meteoran Fire Elementalist on May 10, 2023.
             Was an Initiate of Vehumet.
             Slain by a killer bee (6 damage)
             ... on level 4 of the Dungeon.
             The game lasted 00:04:23 (447 turns).

hawla the Firebug (Meteoran Fire Elementalist)       Turns: 447, Time: 00:04:23

Health: -4/50      AC:  3    Str:  9    XL:     7   Next: 10%
Magic:  8/15       EV: 13    Int: 18    God:    Vehumet [......]
Gold:   79         SH:  4    Dex: 16    Spells: 8/15 levels left

rFire   . . .        (no weapon)
rCold   . . .        (no shield)
rNeg    . . .        a - +0 robe
rPois   .            (no helmet)
rElec   .            (no cloak)
rCorr   .            (no gloves)
SInv    +            b - +0 pair of boots
Will    .....        (no amulet)
Stlth   +            (no ring)
HPRegen 0.28/turn    (no ring)
MPRegen 0.14/turn

%: no passive effects
@: lethally poisoned (-4 -> -16), glowing
A: sense surroundings 1, otherworldly, glowing, explore regen, large bone plates
1, see invisible, deterioration 1, MP-powered wands
a: Renounce Religion


You were on level 4 of the Dungeon.
You worshipped Vehumet.
Vehumet was noncommittal.
You visited 2 branches of the dungeon, and saw 5 of its levels.

You collected 79 gold pieces.

Inventory:

Armour
 a - a +0 robe (worn)
 b - a +0 pair of boots (worn)
Jewellery
 c - a ring of wizardry
Scrolls
 d - 3 scrolls of silence {unknown}
Potions
 f - a potion of flight {unknown}


   Skills:
 + Level 0.2 Fighting
 + Level 3.1 Dodging
 - Level 1.4 Stealth
 + Level 4.6 Spellcasting
 + Level 4.8 Conjurations
 + Level 5.4 Fire Magic


You had 8 spell levels left.
You knew the following spells:

 Your Spells              Type           Power      Damage    Failure   Level
a - Foxfire               Conj/Fire      88%        2x1d8     1%          1
b - Scorch                Fire           46%        2d7       2%          2
c - Flame Wave            Conj/Fire      22%        2d8       17%         4

Your spell library contained the following spells:

 Spells                   Type           Power      Damage    Failure   Level
 Inner Flame              Hex/Fire       14%        N/A       14%         3
 Volatile Blastmotes      Fire/Tloc      28%        2d12      14%         3


Dungeon Overview and Level Annotations

Branches:
Dungeon (4/15) Zot: 2044   Temple (1/1) D:4 Zot: 507

Altars:
Ashenzari
Cheibriados
Elyvilon
Fedhas
Hepliaklqana
Makhleb
Nemelex Xobeh
Ru
Sif Muna
Vehumet
Xom
Yredelemnul
The Shining One


Innate Abilities, Weirdness & Mutations

You passively map a small area around you.
You are easily found by Zot.
You glow in the dark.
You regain HP and MP as you explore.
You are partially covered in large bone plates. (SH +4)
You have supernaturally acute eyesight. (SInv)
Your body sometimes deteriorates upon taking damage.
You expend magic power (3 MP) to strengthen your wands.


Message History

The flame wave engulfs the killer bee!
The killer bee is almost dead.
The flame wave engulfs the jackal!
You kill the jackal!
Vehumet accepts your kill.
The flame wave engulfs the killer bee!
The killer bee is heavily wounded.
You feel very sick.
The killer bee stings you but does no damage.
The killer bee barely misses you. The killer bee misses you. x2
The killer bee stings you but does no damage. x2
Your Dodging skill increases to level 3!
A wave of flame ripples out!
The flame wave engulfs the killer bee.
The killer bee is heavily wounded.
The flame wave engulfs the killer bee!
You kill the killer bee!
Vehumet accepts your kill.
The flame wave engulfs the killer bee.
The killer bee is almost dead.
The flame wave engulfs the killer bee!
The killer bee is heavily wounded.
You finish channelling waves of flame.
You feel very sick.
The killer bee stings you but does no damage.
The killer bee closely misses you. The killer bee stings you!
* * * LOW HITPOINT WARNING * * *
You are more poisoned.
The killer bee poisons you! The killer bee closely misses you.
The killer bee stings you but does no damage.
You have reached level 7!
It was a potion of mutation.
You feel extremely strange.
Your vision sharpens.
You feel your magical essence link to the dungeon's wands.
You feel yourself wasting away.
Large bone plates grow over parts of your arms.
* * * LOW HITPOINT WARNING * * *
You feel very sick. The killer bee barely misses you.
The killer bee closely misses you. The killer bee barely misses you.
The killer bee stings you.
You die...

, * ** ,
.##############
,
..............#
,,
#............#
##.#.#.#.#.#..#
,
##.............#
, ,
#...#.......#..#
.......†.......#
,
....#[.y@...#.#*
h......y.y....#
!...#...[...#.#
$../...)$.....#
..#.#.#.#.#.#.#
.#...........#
..............#
....#.......###
, .........)<##


You could see 3 killer bees.

Vanquished Creatures
  Sigmund (D:3)
  2 killer bees (D:4)
  An orc wizard (Temple)
  A gnoll (D:2)
  3 adders
  4 orcs
  An endoplasm (D:1)
  A goblin (D:3)
  6 jackals
  3 kobolds
  2 quokkas (D:2)
  4 ball pythons
  3 bats
  2 frilled lizards
34 creatures vanquished.

Vanquished Creatures (others)
  50 foxfires
50 creatures vanquished.

Grand Total: 84 creatures vanquished

Notes
Turn   | Place    | Note
-------+----------+-------------------------------------------
     0 | D:1      | hawla the Meteoran Fire Elementalist began the quest for
                  | the Orb.
     0 | D:1      | Reached XP level 1. HP: 14/14 MP: 5/5
    80 | D:1      | Reached XP level 2. HP: 20/20 MP: 1/6
   112 | D:2      | Reached skill level 4 in Fire Magic
   115 | D:2      | Learned a level 2 spell: Scorch
   202 | D:3      | Reached XP level 3. HP: 24/26 MP: 4/8
   242 | D:2      | Reached XP level 4. HP: 11/33 MP: 6/10
   247 | D:2      | Learned a level 4 spell: Flame Wave
   316 | D:3      | Noticed Sigmund
   322 | D:3      | Killed Sigmund
   323 | D:3      | Reached skill level 5 in Fire Magic
   323 | D:3      | Reached XP level 5. HP: 38/38 MP: 0/11
   323 | D:3      | Reached XP level 6. HP: 45/45 MP: 0/12
   335 | D:4      | Found a staircase to the Ecumenical Temple.
   350 | Temple   | Entered the Ecumenical Temple
   427 | Temple   | Became a worshipper of Vehumet
   447 | D:4      | Reached XP level 7. HP: 6/50 MP: 8/15
   447 | D:4      | Gained mutation: You have supernaturally acute eyesight.
                  | (SInv) [potion of mutation]
   447 | D:4      | Gained mutation: You expend magic power (3 MP) to
                  | strengthen your wands. [potion of mutation]
   447 | D:4      | Gained mutation: Your body sometimes deteriorates upon
                  | taking damage. [potion of mutation]
   447 | D:4      | Gained mutation: You are partially covered in large bone
                  | plates. (SH +4) [potion of mutation]
   447 | D:4      | HP: 2/50 [poisoned by a killer bee]
   447 | D:4      | Slain by a killer bee

Illustrated notes

Levels and vault maps discovered:
D:1:      kennysheep_arrival_seaside, layout_loops_corners,
          shapermc_ecumenical_altar_venn, minmay_misc_feat_cross,
          hangedman_glass_teeth
D:2:      kennysheep_the_goblin_king, layout_loops_cross,
          amcnicky_mini_corridor_feature, minmay_fractal_squares_gapless_5,
          uniq_crazy_yiuf_cottage
D:3:      layout_basic, overflow_temple_1_default, ebering_ghost_disaster_area,
          uniq_sigmund
D:4:      layout_cave_pools, kennysheep_little_box, minmay_temple_entry_glass,
          st_stairs_11, grunt_ministairs_14, roderic_batcave
Temple:   cyrus_circular_temple

Skill      XL: |  1  2  3  4  5  6 |
---------------+-------------------+-----
Spellcasting   | 3 4 |  4.6
Fire Magic     | 4 5 |  5.4
Conjurations   | 4 |  4.8
Dodging        | 3 |  3.1
Fighting       | |  0.2
Stealth        | |  1.4

Action                     |  1- 3 |  4- 6 |  7- 9 || total
---------------------------+-------+-------+-------++-------
  Melee: Unarmed           |     3 |       |       ||     3
   Cast: Foxfire           |    19 |    10 |       ||    29
         Scorch            |     6 |     5 |       ||    11
         Flame Wave        |       |     3 |       ||     3
    Use: Potion            |     1 |       |     1 ||     2
 Armour: Robe              |     5 |    11 |       ||    16
  Dodge: Dodged            |    10 |    19 |     3 ||    32
